 Dungeon Crawl Stone Soup version 0.29-a0-1009-g60c99734e7 (webtiles) character file.

Game seed: 2400925565172796454

6 spaghetti the Caller (level 1, 0/13 HPs)
             Began as a Demonspawn Summoner on Aug 8, 2022.
             Slain by a quokka (3 damage)
             ... on level 1 of the Dungeon.
             The game lasted 00:01:11 (524 turns).

spaghetti the Caller (Demonspawn Summoner)           Turns: 524, Time: 00:01:12

Health: 0/13       AC:  2    Str:  8    XL:     1   Next: 75%
Magic:  3/3        EV: 12    Int: 16    God:
Gold:   19         SH:  0    Dex: 13    Spells: 3/4 levels left

rFire   . . .      SeeInvis .   (no weapon)
rCold   . . .      Faith    .   (no shield)
rNeg    . . .      Spirit   .   a - +0 robe
rPois   .          Reflect  .   (no helmet)
rElec   .          Harm     .   (no cloak)
rCorr   .          Rampage  .   (no gloves)
Will    .....                   (no boots)
Stlth   ++........              (no amulet)
HPRegen 0.04/turn               (no ring)
MPRegen 0.08/turn               (no ring)

@: weak-willed
A: no striking features
a: no special abilities


You were on level 1 of the Dungeon.
You visited 1 branch of the dungeon, and saw 1 of its levels.

You collected 19 gold pieces.


   Skills:
 - Level 1.7 Dodging
 - Level 1.7 Stealth
 + Level 2.1 Spellcasting
 + Level 4.1 Summonings
 + Level 0.3 Transmutations


You had 3 spell levels left.
You knew the following spells:

 Your Spells              Type           Power      Damage    Failure   Level
a - Summon Small Mammal   Summ           56%        N/A       3%          1

Your spell library contained the following spells:

 Spells                   Type           Power      Damage    Failure   Level
 Call Imp                 Summ           14%        N/A       5%          2
 Call Canine Familiar     Summ           14%        N/A       11%         3
 Beastly Appendage        Tmut           4%         N/A       19%         1
 Wereblood                Tmut           2%         N/A       26%         2
 Summon Guardian Golem    Hex/Summ       8%         N/A       26%         3
 Spider Form              Tmut/Pois      2%         N/A       50%         3
 Summon Lightning Spire   Summ/Air       8%         N/A       65%         4

Inventory:

Hand Weapons
 d - a +0 dagger {short}
   (You took it off a goblin on level 1 of the Dungeon)
 e - a +0 spear {polearm}
   (You found it on level 1 of the Dungeon)
 g - a +0 short sword {short}
   (You took it off a kobold on level 1 of the Dungeon)
Missiles
 c - 11 stones {throwing}
Armour
 a - a +0 robe (worn)

Dungeon Overview and Level Annotations

Branches:
Dungeon (1/15) Zot: 5475

Altars:

#.###### #. #.# #.#
#.# #.# #.# #.#
###.#
#.###...########
##.##...รท........
##......##########
#..b@............
##.r####.........
#.r# #.........
#.....$..##.........
#........##.........
#........##.........
#........##.........
#.$......###########
#........#


You could see 2 quokkas and a bat (weak-willed).


Message History

Casting: Summon Small Mammal (safe; 3% risk of failure)
Confirm with . or Enter, or press ? or * to list all spells.
The kobold barely misses you. ๐Ÿ˜จ MP[-1]
You lost 1 mp, and now have 2/3 mp.
Casting: Summon Small Mammal (safe; 3% risk of failure)
Confirm with . or Enter, or press ? or * to list all spells.
Your bat hits the kobold but does no damage.
The kobold barely misses you. ๐Ÿ˜จ MP[-1]
You lost 1 mp, and now have 1/3 mp.
You hit the kobold but do no damage.
Your bat closely misses the kobold.
Your bat barely misses the kobold.
Your quokka barely misses the kobold.
The kobold hits you with a +0 short sword.
* * * LOW HITPOINT WARNING * * *
๐Ÿ˜จ HP[-1]
You take 1 damage, and now have 5/13 hp.
You closely miss the kobold. Your bat hits the kobold.
The kobold dies!
You swap places.
g - a +0 short sword {short} Your bat disappears in a puff of smoke!
Your quokka disappears in a puff of smoke!
Key pressed, stopping explore.
Key pressed, stopping explore.
Key pressed, stopping explore.
You now have 19 gold pieces (gained 13). 2 quokkas and a bat come into view. ๐Ÿ˜Ž HP[+8] MP[+2]
Your hp is fully restored (13).
Your mp is fully restored (3).
There are monsters nearby!
There are monsters nearby!
There are monsters nearby!
The quokka misses you. The quokka closely misses you. The quokka misses you.
You hit the quokka but do no damage. The quokka closely misses you. x2
You hit the quokka but do no damage. The quokka bites you. x2
You are too injured to fight recklessly!
You are too injured to fight recklessly! ๐Ÿ˜ฎ HP[-4]
You take 4 damage, and now have 9/13 hp.
MASSIVE DAMAGE!! (PAUSE)
Casting: Summon Small Mammal (safe; 3% risk of failure)
Confirm with . or Enter, or press ? or * to list all spells.
The quokka closely misses you. The quokka bites you.
* * * LOW HITPOINT WARNING * * *
The bat barely misses you. ๐Ÿ˜จ HP[-4] MP[-1]
You take 4 damage, and now have 5/13 hp.
MASSIVE DAMAGE!! (PAUSE)
You lost 1 mp, and now have 2/3 mp.
Casting: Summon Small Mammal (safe; 3% risk of failure)
Confirm with . or Enter, or press ? or * to list all spells.
The bat barely misses you. The bat hits you but does no damage.
Your bat hits the quokka but does no damage.
The quokka closely misses you. The quokka misses you.
Your bat completely misses the quokka. ๐Ÿ˜จ MP[-1]
You lost 1 mp, and now have 1/3 mp.
Unknown command.
Unknown command.
Magic courses through your body.
Your bat closely misses the quokka.
The bat hits you.
* * * LOW HITPOINT WARNING * * *
Your bat hits the bat. The quokka closely misses you.
The quokka barely misses you.
Your bat misses the quokka. The quokka closely misses you.
The quokka bites you.
* * * LOW HITPOINT WARNING * * *
๐Ÿ˜ฑ HP[-3] MP[+2]
You take 3 damage, and now have 2/13 hp.
MASSIVE DAMAGE!! (PAUSE)
Your mp is fully restored (3).
Unknown command.
You aren't carrying any items that you can evoke.
Okay, then.
As you read the scroll labelled TAM NOKEMUURU DEJ, it crumbles to dust.
Magic quickly surges around you.
It was a scroll of vulnerability.
Your bat closely misses the quokka.
The bat completely misses you.
Your bat barely misses the quokka.
The quokka misses you. The quokka closely misses you.
Your bat hits the bat.
Unknown command.
The quokka attacks as you move away! The quokka barely misses you.
The bat attacks as you move away! The bat hits you but does no damage.
Your bat misses the bat. The bat barely misses you.
Your bat hits the quokka but does no damage.
The quokka bites your bat.
Your bat dies!
Your bat's corpse disappears in a puff of smoke!
Unknown command.
Unknown command.
Sorry, you're not good enough to have a special ability.
Casting: Summon Small Mammal (safe; 3% risk of failure)
Press: ? - help, Q - select action, (/) - cycle Dir - look around, f - activate
Okay, then.
The bat hits you but does no damage. The quokka closely misses your bat.
The bat barely misses you.
Your bat closely misses the quokka.
Unknown command.
Unknown command.
You hit the quokka but do no damage.
Your bat barely misses the quokka.
The bat misses you. The quokka bites you.
You die...

Action                   || total
-------------------------++-------
Melee: Unarmed           ||    23
 Cast: Summon Small Mamm ||    14
  Use: Scroll            ||     1
       Potion            ||     1
Armor: Robe              ||     7
Dodge: Dodged            ||    33

Levels and vault maps discovered:
D:1:      dpeg_arrival_subterranean_lakeside_camping, layout_rooms,
          serial_shops, shop

Notes
Turn   | Place    | Note
-------+----------+-------------------------------------------
     0 | D:1      | spaghetti the Demonspawn Summoner began the quest for the
                  | Orb.
     0 | D:1      | Reached XP level 1. HP: 13/13 MP: 3/3
     0 | D:1      | magus.rc [v1.9.6]
    52 | D:1      | You pick up a book of Changes and begin reading...
    52 | D:1      | You add the spells Beastly Appendage, Wereblood and Spider
                  | Form to your library.
   520 | D:1      | HP: 2/13 [quokka (2)]
   524 | D:1      | Slain by a quokka

Vanquished Creatures
  A goblin (D:1)
  A rat (D:1)
2 creatures vanquished.

Vanquished Creatures (collateral kills)
  A bat (D:1)
  An endoplasm (D:1)
  A kobold (D:1)
  A rat (D:1)
4 creatures vanquished.

Grand Total: 6 creatures vanquished

Table legend:
 A = Non-vault XP
 B = Vault XP
 C = Vault XP percentage of total XP
 D = Non-vault monster count
 E = Vault monster count
 F = Vault count percentage of total count
                 A         B        C        D         E       F
            +---------+---------+-------+---------+---------+-------
      Total |       7 |       2 |  22.2 |       5 |       1 |  16.7
            +---------+---------+-------+---------+---------+-------
        D:1 |       7 |       2 |  22.2 |       5 |       1 |  16.7
            +---------+---------+-------+---------+---------+-------

Illustrated notes

Table legend:
 A = Kills in this place as a percentage of kills in entire the game.
 B = Kills by you in this place as a percentage of kills by you in the entire game.
 C = Kills by friends in this place as a percentage of kills by friends in the entire game.
 D = Other kills in this place as a percentage of other kills in the entire game.
 E = Experience gained in this place as a percentage of experience gained in the entire game.
 F = Experience gained in this place divided by the number of levels of this place that you have seen.
                   A       B       C       D       E      F
               +-------+-------+-------+-------+-------+----------------------
         Total | 100.0 | 100.0 | 100.0 |   N/A | 100.0 |   9.0
       Dungeon | 100.0 | 100.0 | 100.0 |   N/A | 100.0 |   9.0
               +-------+-------+-------+-------+-------+----------------------

Table legend: (Time is in decaauts)
 A = Elapsed time spent in this place.
 B = Non-inter-level travel time spent in this place.
 C = Inter-level travel time spent in this place.
 D = Time resting spent in this place.
 E = Time spent auto-exploring this place.
 F = Levels seen in this place.
 G = Mean time per level.
                   A        B        C        D        E       F      G
               +--------+--------+--------+--------+--------+-----+--------+
         Total |    524 |    524 |      0 |      0 |    439 |   1 |  524.0 |
       Dungeon |    524 |    524 |      0 |      0 |    439 |   1 |  524.0 |
               +--------+--------+--------+--------+--------+-----+--------+

Top non-repeatable levels by time:
     D:1: 524 daAuts
